 Dungeon Sprint DCSS version 0.21.1-1-g345015f (webtiles) character file.

1000000 Fang the Severer (level 11, 0/105 HPs)
             Began as a Minotaur Gladiator on May 3, 2018.
             Was an Initiate of Makhleb.
             Slain by a meat berserker
             ... wielding a +9 battleaxe
              (32 damage)
             ... in the Dungeon (Sprint VIII: "Arena of Blood").
             The game lasted 00:00:13 (10 turns).

Fang the Severer (Minotaur Gladiator)                 Turns: 10, Time: 00:00:14

Health: 0/105      AC:  3    Str: 22    XL:     11   Next: 71%
Magic:  10/10      EV: 22    Int:  5    God:    Makhleb [......]
Gold:   0          SH:  0    Dex: 12    Spells: 10/10 levels left

rFire    . . .     SeeInvis .   l - +∞ Axe of Woe
rCold    . . .     Gourm    .   (shield currently unavailable)
rNeg     . . .     Faith    .   b - +0 leather armour
rPois    .         Spirit   .   c - +0 hat
rElec    .         Reflect  .   (no cloak)
rCorr    .         Harm     .   (no gloves)
MR       .....     NoTele   +   (no boots)
Stlth    +.........             (no amulet)
HPRegen  0.27/turn              (no ring)
MPRegen  0.12/turn              (no ring)

@: no status effects
A: retaliatory headbutt, horns 2
a: Renounce Religion


You were in the Dungeon.
You worshipped Makhleb.
Makhleb was noncommittal.
You were not hungry.

You visited 1 branch

Inventory:

Hand Weapons
 a - a +0 war axe
 l - the +∞ Axe of Woe (weapon)
   (You found it in the Dungeon)
Missiles
 d - 3 throwing nets (quivered)
Armour
 b - a +0 leather armour (worn)
 c - a +0 hat (worn)
Scrolls
 k - a scroll of blinking
Potions
 e - a potion of curing
 g - a potion of heal wounds
 h - a potion of haste
 i - 2 potions of magic
 j - a potion of berserk rage
Comestibles
 f - a ration


   Skills:
 + Level 12.5 Fighting
 + Level 20.7 Axes
 + Level 10.3 Throwing
 + Level 3.3 Armour
 + Level 18.5 Dodging


You had 10 spell levels left.
You didn't know any spells.

Dungeon Overview and Level Annotations

Branches:
Dungeon (1/1)

Altars:
Makhleb


Innate Abilities, Weirdness & Mutations

You reflexively headbutt those who attack you in melee.
You have a pair of horns on your head.


Message History

You feel agile.
You have reached level 5!
You have reached level 6!
Your experience leads to an increase in your attributes!
Increase (S)trength, (I)ntelligence, or (D)exterity?
You feel stronger.
You have reached level 7!
You have reached level 8!
You feel stronger.
You have reached level 9!
Your experience leads to an increase in your attributes!
Increase (S)trength, (I)ntelligence, or (D)exterity?
You feel stronger.
You have reached level 10!
You have reached level 11!
You hear a shout! x2
The meat berserker appears out of thin air!
A meat berserker comes into view. It is wielding a +9 battleaxe.
The meat berserker hits you with a +9 battleaxe!!
You die...

#... ..# . #...
...# .... ..###...
...###....
......###....o....
....._......o...
#.....#......O
#_.<._#.......
..#.....#......#
o..o.._..@)......
......###.O.......
..###.....o.###O...
. #.....oO# ...
#.......# .
.........
........o.
..........


You could see 4 meat berserkers and 6 bags of meat.

Vanquished Creatures
  An orc (D)
1 creature vanquished.

Notes
Turn   | Place    | Note
-------+----------+-------------------------------------------
     0 | D        | Found the +∞ Axe of Woe
     0 | D        | Fang the Minotaur Gladiator began the quest for the Orb.
     0 | D        | Reached XP level 1. HP: 18/18 MP: 0/0
     4 | D        | Became a worshipper of Makhleb the Destroyer
     6 | D        | Noticed a bag of meat
     7 | D        | Noticed a bag of meat
     7 | D        | Noticed a meat berserker
     7 | D        | Noticed a bag of meat
     7 | D        | Noticed a bag of meat
     7 | D        | Noticed a meat berserker
     8 | D        | Noticed a bag of meat
     8 | D        | Noticed a bag of meat
     8 | D        | Noticed a bag of meat
     8 | D        | Noticed a bag of meat
     9 | D        | Noticed a meat berserker
    10 | D        | Killed a bag of meat
    10 | D        | Reached skill level 20 in Axes
    10 | D        | Reached skill level 10 in Throwing
    10 | D        | Reached XP level 2. HP: 12/42 MP: 1/1
    10 | D        | Reached XP level 3. HP: 14/49 MP: 2/2
    10 | D        | Reached XP level 4. HP: 17/57 MP: 3/3
    10 | D        | Reached XP level 5. HP: 19/63 MP: 4/4
    10 | D        | Reached XP level 6. HP: 21/71 MP: 5/5
    10 | D        | Reached XP level 7. HP: 23/78 MP: 6/6
    10 | D        | Reached XP level 8. HP: 25/85 MP: 7/7
    10 | D        | Reached XP level 9. HP: 27/91 MP: 8/8
    10 | D        | Reached XP level 10. HP: 30/99 MP: 9/9
    10 | D        | Reached XP level 11. HP: 31/105 MP: 10/10
    10 | D        | Slain by a meat berserker

Skill      XL: |  1 |
---------------+----+-----
Fighting       | 12 | 12.5
Axes           | 20 | 20.7
Throwing       | 10 | 10.3
Armour         | 3 |  3.3
Dodging        | 18 | 18.5

Action                   |  1- 3 |  4- 6 |  7- 9 | 10-12 || total
-------------------------+-------+-------+-------+-------++-------
Melee: Executioner's axe |     1 |       |       |       ||     1
